 Dungeon Crawl Stone Soup version 0.27-a0-1381-g81fdcbfb23 (webtiles) character file.

Game seed: 7807746859363330459

854 Nattfarinn the Stinger (level 7, -8/39 HPs)
             Began as a Deep Elf Venom Mage on June 30, 2021.
             Mangled by an ogre (21 damage)
             ... on level 5 of the Dungeon.
             The game lasted 00:09:54 (4697 turns).

Nattfarinn the Stinger (Deep Elf Venom Mage)        Turns: 4697, Time: 00:09:54

Health: -8/39      AC:  5    Str:  5    XL:     7   Next: 70%
Magic:  18/18      EV: 14    Int: 22    God:
Gold:   125        SH:  0    Dex: 15    Spells: 6/18 levels left

rFire    + . .     SeeInvis .   j - +2 rapier (speed)
rCold    . . .     Faith    .   (no shield)
rNeg     . . .     Spirit   .   d - +1 robe {rF+}
rPois    .         Reflect  .   (no helmet)
rElec    .         Harm     .   c - +0 cloak
rCorr    .         Rampage  .   l - +0 pair of gloves
Will     .....                  (no boots)
Stlth    ++........             (no amulet)
HPRegen  0.13/turn              (no ring)
MPRegen  0.16/turn              (no ring)

@: about to teleport
A: no striking features
a: no special abilities


You were on level 5 of the Dungeon.
You visited 1 branch of the dungeon, and saw 6 of its levels.

You collected 125 gold pieces.

Inventory:

Hand Weapons
 j - a +2 rapier of speed (weapon)
Armour
 a - a +0 robe
 c - a +0 cloak (worn)
 d - a +1 robe of fire resistance (worn)
 l - a +0 pair of gloves (worn)
Jewellery
 h - an amulet of faith
Scrolls
 b - 2 scrolls of teleportation
 e - 2 scrolls of amnesia {unknown}
 g - 2 scrolls of identify {unknown}
 k - a scroll of vulnerability {unknown}
Potions
 f - 2 potions of curing
 i - 2 potions of resistance {unknown}


   Skills:
 + Level 1.6 Fighting
 * Level 4.7 Dodging
 - Level 2.4 Stealth
 - Level 6.4 Spellcasting
 - Level 1.1 Transmutations
 - Level 7.6 Poison Magic


You had 6 spell levels left.
You knew the following spells:

 Your Spells              Type           Power      Damage    Failure   Level
a - Sting                 Tmut/Pois      100%       1d8       1%          1
b - Poisonous Vapours     Pois/Air       46%        N/A       2%          2
c - Ignite Poison         Fire/Tmut/Pois 19%        N/A       8%          3
d - Olgreb's Toxic Radia  Pois           40%        N/A       3%          4
e - Searing Ray           Conj           14%        3d3       13%         2

Your spell library contained the following spells:

 Spells                   Type           Power      Damage    Failure   Level
 Freeze                   Ice            28%        1d5       9%          1
 Magic Dart               Conj           28%        1d4       9%          1
 Mephitic Cloud           Conj/Pois/Air  18%        N/A       10%         3
 Conjure Flame            Conj/Fire      7%         6-21      26%         3
 Dazzling Flash           Conj/Hex       14%        N/A       26%         3
 Frozen Ramparts          Ice            14%        1d3       26%         3
 Ozocubu's Armour         Ice            7%         N/A       26%         3
 Fulminant Prism          Conj/Hex       3%         3d6       65%         4
 Hailstorm                Conj/Ice       7%         3d4       65%         4
 Iskenderun's Mystic Bla  Conj/Tloc      7%         2d4       65%         4
 Freezing Cloud           Conj/Ice/Air   3%         6-21      94%         5
 Metabolic Englaciation   Hex/Ice        3%         N/A       94%         5


Dungeon Overview and Level Annotations

Branches:
Dungeon (6/15)
 Temple: D:4-7

Altars:
Kikubaaqudgha

Shops:
D:2 [


Message History

The water moccasin is heavily wounded.
You finish channeling your searing ray.
The water moccasin bites you!
You are poisoned.
The water moccasin poisons you! The water moccasin closely misses you.
Casting: Searing Ray (safe; 13% risk of failure)
Confirm with . or Enter, or press ? or * to list all spells.
Aiming: Searing Ray (safe; 13% risk of failure)
Press: ? - help, Shift-Dir - straight line, f/p - water moccasin
Aim: a water moccasin (heavily wounded, 57% to hit)
The searing ray hits the water moccasin!
The water moccasin is severely wounded. (Press . to maintain the ray.)
You feel very sick. The water moccasin barely misses you.
The searing ray hits the water moccasin!
The water moccasin is almost dead.
You feel sick. The water moccasin bites you. x2
The searing ray hits the water moccasin.
You kill the water moccasin!
You feel sick.
An ogre comes into view. It is wielding a +0 giant club.
Your Dodging skill increases to level 4!
You feel sick.
You feel sick.
You feel sick.
You feel sick.
Okay, then.
Casting: Searing Ray (safe; 13% risk of failure)
Confirm with . or Enter, or press ? or * to list all spells.
You begin to radiate toxic energy.
The ogre is poisoned.
You feel sick.
You are no longer poisoned.
The ogre hits you with a +0 giant club!
* * * LOW HITPOINT WARNING * * *
Your toxic aura wanes.
The ogre closely misses you.
As you read the scroll of teleportation, it crumbles to dust.
You feel strangely unstable.
The ogre hits you with a +0 giant club!!
Ouch! That really hurt!
You die...

######### #.# #.# #.
#.......####.#########.###.
#.##................##....#
#.##.##.#.#.........))).##.
#.##.##..###..####..##..##.
#.##.##.## ##.# #..##.....
#.##.###.###.#####..##..###
#######.##.##..O#.............###
........#..##.##@#######.........
#########.###.#### #.####.### #
#.# #).....# # #. #.# ######## #
#. #.# # #. #.# # #. #.# # #. #.#
# # #. #.# ##


You could see an ogre.

Vanquished Creatures
  A water moccasin (D:5)
  2 black bears (D:5)
  A necrophage (D:5)
  2 scorpions (D:5)
  A water moccasin zombie (D:5)
  3 hounds
  A bullfrog skeleton (D:5)
  An iguana (D:5)
  Terence (D:2)
  A hound zombie (D:5)
  4 gnolls (D:5)
  An adder (D:2)
  A white imp (D:5)
  A worm (D:2)
  4 dart slugs
  4 orcs (D:5)
  3 ball pythons (D:1)
  6 bats
  8 endoplasms
  3 giant cockroaches
  5 goblins
  4 hobgoblins
  4 jackals (D:5)
  4 quokkas
  4 frilled lizards
  2 kobolds (D:1)
  4 rats
76 creatures vanquished.

Vanquished Creatures (others)
  2 plants (D:2)
2 creatures vanquished.

Grand Total: 78 creatures vanquished

Notes
Turn   | Place    | Note
-------+----------+-------------------------------------------
     0 | D:1      | Nattfarinn the Deep Elf Venom Mage began the quest for the
                  | Orb.
     0 | D:1      | Reached XP level 1. HP: 10/10 MP: 6/6
   356 | D:1      | Reached XP level 2. HP: 15/15 MP: 4/8
   599 | D:1      | Learned a level 2 spell: Poisonous Vapours
   650 | D:1      | Reached skill level 4 in Poison Magic
  1029 | D:1      | Reached XP level 3. HP: 19/19 MP: 5/10
  1220 | D:1      | Learned a level 3 spell: Ignite Poison
  1642 | D:2      | Reached XP level 4. HP: 18/24 MP: 6/12
  1909 | D:2      | Found Tyol's Antique Armour Shop.
  1914 | D:2      | Found a faded altar of an unknown god.
  2067 | D:2      | Reached skill level 5 in Poison Magic
  2217 | D:2      | Noticed Terence
  2222 | D:2      | Killed Terence
  2666 | D:3      | You fall into a shaft and drop 3 floors!
  2667 | D:6      | Noticed a scorpion
  2671 | D:5      | Entered Level 5 of the Dungeon
  2714 | D:5      | HP: 1/24 [water moccasin zombie (6)]
  2740 | D:5      | Reached XP level 5. HP: 7/28 MP: 2/14
  3010 | D:4      | Found an ancient bone altar of Kikubaaqudgha.
  3041 | D:5      | Learned a level 4 spell: Olgreb's Toxic Radiance
  3044 | D:5      | Reached skill level 5 in Spellcasting
  3106 | D:5      | Learned a level 2 spell: Searing Ray
  3171 | D:5      | Reached skill level 6 in Poison Magic
  3317 | D:5      | Reached XP level 6. HP: 15/32 MP: 9/16
  3809 | D:5      | Reached skill level 7 in Poison Magic
  4095 | D:5      | Reached XP level 7. HP: 19/36 MP: 2/18
  4472 | D:5      | Reached skill level 1 in Fighting
  4602 | D:5      | HP: 1/39 [ogre (13)]
  4697 | D:5      | Mangled by an ogre

Illustrated notes

Levels and vault maps discovered:
D:1:      saegor_arrival_simple_d, layout_loops_cross
D:2:      cheibrodos_old_hovel, layout_loops_ring, basic_ecumenical_altar,
          serial_shops, shop, kennysheep_generic_room_10, uniq_terence
D:3:      layout_basic, corexii_shack, minmay_misc_feat_roman
D:4:      layout_loops_ring, nicolae_overflow_hidden_temple, lemuel_old_faithful
D:5:      layout_loops_ring
D:6:      layout_basic, nicolae_overflow_crystal_walls, minitemple, uniq_pikel

Skill      XL: |  1  2  3  4  5  6  7 |
---------------+----------------------+-----
Poison Magic   | 4 5 6 7 |  7.6
Spellcasting   | 4 5 6 |  6.4
Dodging        | 4 |  4.7
Fighting       | 1 |  1.6
Stealth        | |  2.4
Transmutations | |  1.1

Action                   |  1- 3 |  4- 6 |  7- 9 || total
-------------------------+-------+-------+-------++-------
Melee: Unarmed           |     7 |     4 |       ||    11
       Rapier            |       |       |    12 ||    12
 Cast: Sting             |    68 |    82 |     2 ||   152
       Poisonous Vapours |       |     3 |       ||     3
       Ignite Poison     |       |     6 |     1 ||     7
       Searing Ray       |       |     9 |     2 ||    11
       Olgreb's Toxic Ra |       |     4 |     4 ||     8
  Use: Scroll            |     1 |     2 |     1 ||     4
       Potion            |       |     1 |       ||     1
 Stab: Sleeping          |     1 |       |       ||     1
Armor: Robe              |    12 |    18 |     1 ||    31
Dodge: Dodged            |    18 |    44 |    12 ||    74

Table legend: (Time is in decaauts)
 A = Elapsed time spent in this place.
 B = Non-inter-level travel time spent in this place.
 C = Inter-level travel time spent in this place.
 D = Time resting spent in this place.
 E = Time spent auto-exploring this place.
 F = Levels seen in this place.
 G = Mean time per level.
                   A        B        C        D        E       F      G
               +--------+--------+--------+--------+--------+-----+--------+
         Total |   4694 |   4602 |     92 |    990 |   2919 |   6 |  782.3 |
       Dungeon |   4694 |   4602 |     92 |    990 |   2919 |   6 |  782.3 |
               +--------+--------+--------+--------+--------+-----+--------+

Top non-repeatable levels by time:
     D:5: 2000 daAuts
     D:1: 1272 daAuts
     D:2: 1143 daAuts
     D:3: 250 daAuts
     D:4: 22 daAuts
     D:6: 4 daAuts
